 Dungeon Crawl Stone Soup version 0.29.1-15-g9cfb28693d (webtiles) character file.

Game seed: 7956467124980433981

11386 PhantomBowie the Cleaver (level 11, -4/92 (101) HPs)
             Began as a Hill Orc Fighter on Mar 12, 2023.
             Was a High Priest of the Shining One.
             Slain by a skeletal warrior
             ... wielding a +2 battleaxe of draining
              (5 damage)
             ... on level 11 of the Dungeon on Mar 13, 2023.
             The game lasted 00:40:35 (11933 turns).

PhantomBowie the Cleaver (Hill Orc Fighter)        Turns: 11933, Time: 00:40:35

HP:   -4/92 (101)   AC: 24    Str: 24    XL:     11   Next: 76%
MP:   11/11         EV:  8    Int:  8    God:    the Shining One [*****.]
Gold: 700           SH:  6    Dex: 10    Spells: 10/10 levels left

rFire   . . .      SeeInvis .   L - +0 broad axe
rCold   . . .      Faith    .   c - +0 buckler
rNeg    + + .      Spirit   .   f - +0 chain mail
rPois   .          Reflect  .   m - +0 helmet
rElec   .          Harm     .   R - +0 cloak
rCorr   .          Rampage  .   (no gloves)
Will    .....                   I - +0 pair of boots
Stlth   ..........              x - amulet of the acrobat
HPRegen 0.25/turn               h - +4 ring of protection
MPRegen 0.12/turn               G - +4 ring of protection

@: glowing, drained
A: no striking features
a: Renounce Religion, Divine Shield, Cleansing Flame, Summon Divine Warrior


You were on level 11 of the Dungeon.
You worshipped the Shining One.
The Shining One was extremely pleased with you.
You visited 1 branch of the dungeon, and saw 11 of its levels.
You also visited: Ossuary.

You collected 860 gold pieces.
You spent 160 gold pieces at shops.

Inventory:

Hand Weapons
 a - a +0 war axe
 L - a +0 broad axe (weapon)
Missiles
 q - 18 poisoned darts (quivered)
 N - a curare-tipped dart
Armour
 c - a +0 buckler (worn)
 f - a +0 chain mail (worn)
 m - a +0 helmet (worn)
 I - a +0 pair of boots (worn)
 R - a +0 cloak (worn)
Jewellery
 h - a +4 ring of protection (left hand)
 v - a ring of poison resistance
 x - an amulet of the acrobat (around neck)
 G - a +4 ring of protection (right hand)
 Q - a ring of see invisible
Wands
 r - a wand of iceblast (12)
 H - a wand of paralysis (5)
 J - a wand of flame (21)
 O - a wand of digging (6)
 S - a wand of polymorph (5)
Scrolls
 i - 3 scrolls of immolation
 l - 9 scrolls of teleportation
 n - 7 scrolls of torment
 p - 4 scrolls of poison
 s - a scroll of noise
 u - 2 scrolls of enchant armour
 z - a scroll of amnesia
 A - a scroll of vulnerability
 B - a scroll of summoning
 D - 3 scrolls of enchant weapon
 E - 3 scrolls of fear
 M - 3 scrolls of magic mapping {unknown}
Potions
 b - 6 potions of curing
 d - 2 potions of might
 e - a potion of magic
 g - 6 potions of heal wounds
 j - 4 potions of flight
 k - 3 potions of lignification
 o - 6 potions of brilliance
 t - 2 potions of attraction
 w - a potion of resistance {unknown}
 C - 2 potions of degeneration
 F - a potion of ambrosia
 K - 3 potions of haste
Miscellaneous
 P - a phial of floods (inert)


   Skills:
 + Level 10.9 Fighting
 + Level 11.4 Axes
 + Level 2.2 Throwing
 + Level 10.0 Armour
 + Level 10.0 Shields
 - Level 6.0 Evocations


You had 10 spell levels left.
You didn't know any spells.
Your spell library contained the following spells:

 Spells                   Type           Power      Damage    Failure   Level
 Magic Dart               Conj           0%         1d3       96%         1
 Call Imp                 Summ           0%         N/A       99%         2
 Ensorcelled Hibernation  Hex/Ice        0%         N/A       99%         2
 Passwall                 Tmut/Erth      0%         N/A       99%         2
 Poisonous Vapours        Pois/Air       0%         N/A       99%         2
 Mephitic Cloud           Conj/Pois/Air  0%         N/A       100%        3
 Swiftness                Air            0%         N/A       100%        3
 Tukima's Dance           Hex            0%         N/A       100%        3
 Corpse Rot               Necr/Pois/Air  0%         N/A       100%        4
 Passage of Golubria      Tloc           0%         N/A       100%        4
 Summon Forest            Summ/Tloc      0%         N/A       100%        5
 Yara's Violent Unravell  Hex/Tmut       0%         3d3       100%        5
 Eringya's Noxious Bog    Tmut/Pois      0%         N/A       100%        6
 Summon Hydra             Summ           0%         N/A       100%        7


Dungeon Overview and Level Annotations

Branches:
Dungeon (11/15)            Temple (0/1) D:5            Lair (0/5) D:11
    Orc (0/2) D:11        Ossuary (visited)

Altars:
Dithmenos
Fedhas
Kikubaaqudgha
Nemelex Xobeh
Qazlal
Trog
Uskayaw
Wu Jian
Xom
The Shining One
Beogh

Shops:
D:3 ?   D:5 (*(*   D:8 [

Annotations:
D:6 1 runed translucent door, sigtrap's ghost, novice SpHu
D:9 1 runed translucent door


Message History

You barely miss the skeletal warrior.
The skeletal warrior is severely damaged.
The skeletal warrior hits you but does no damage.
You partially resist.
You hit the skeletal warrior but do no damage.
The skeletal warrior is severely damaged.
The skeletal warrior hits you with a +2 battleaxe of draining!
You partially resist.
You feel drained.
You hit the skeletal warrior but do no damage.
The skeletal warrior is severely damaged.
The skeletal warrior hits you with a +2 battleaxe of draining!
You partially resist.
You feel drained.
You slash the skeletal warrior!
The skeletal warrior is almost destroyed.
The skeletal warrior hits you but does no damage.
You partially resist.
The skeletal warrior hits you with a +2 battleaxe of draining!
* * * LOW HITPOINT WARNING * * *
You partially resist.
You feel drained.
You hit the skeletal warrior but do no damage.
The skeletal warrior is almost destroyed.
The skeletal warrior completely misses you.
You hit the skeletal warrior.
The skeletal warrior is almost destroyed.
The skeletal warrior hits you but does no damage.
You partially resist.
You barely miss the skeletal warrior.
The skeletal warrior is almost destroyed.
You block the skeletal warrior's attack.
You hit the skeletal warrior but do no damage.
The skeletal warrior is almost destroyed.
The skeletal warrior hits you with a +2 battleaxe of draining!!
* * * LOW HITPOINT WARNING * * *
You partially resist.
You feel drained.
* * * LOW HITPOINT WARNING * * *
Unknown command.
You hit the skeletal warrior but do no damage.
The skeletal warrior is almost destroyed.
The skeletal warrior hits you with a +2 battleaxe of draining.
You die...

#....##.............#......#
#....##...<.........#......#
#...................#
#...................#
#....##.....####....#
#....##.....####....#
#....##....)........#
#....##....z........#
+..........@........#
#...................#
#....##.....#########
#....##.....+ ..........#
..##.....# .. #.....# .
.......# .......#


You could see a skeletal warrior.

Vanquished Creatures
  A hydra (D:11)
  A tengu warrior (D:9)
  3 skeletal warriors
  A cyclops (D:11)
  An unseen horror (D:10)
  2 trolls
  A queen bee (shapeshifter) (D:8)
  A shadow (D:11)
  14 yaks
  A vampire (D:10)
  A fire bat (shapeshifter) (D:9)
  4 steam dragons
  3 water moccasins
  2 orc warriors (D:11)
  An ice beast (D:8)
  An ogre (D:6)
  2 phantoms
  5 centaurs
  4 elf zombies (Ossuary)
  A kobold brigand (D:9)
  2 bullfrogs (D:8)
  4 scorpions
  12 wights
  16 killer bees
  6 howler monkeys
  A centaur zombie (Ossuary)
  A human zombie (Ossuary)
  2 hounds
  7 orc priests
  2 iguanas
  6 orc wizards
  3 mummies (Ossuary)
  Robin (D:2)
  9 adders
  A shadow imp (D:6)
  2 white imps
  2 ufetubi
  2 adder zombies (Ossuary)
  2 worms
  2 dart slugs
  54 orcs
  3 ball pythons (D:2)
  5 endoplasms
  2 giant cockroaches
  3 gnoll zombies (Ossuary)
  18 goblins
  9 hobgoblins
  6 jackals (D:1)
  6 quokkas
  5 bats
  3 frilled lizards
  5 goblin zombies (Ossuary)
  2 hobgoblin zombies (Ossuary)
  4 jackal zombies (Ossuary)
  14 kobolds
  A kobold zombie (Ossuary)
  An orc zombie (Ossuary)
  6 quokka zombies (Ossuary)
  8 rats
  2 rat zombies (Ossuary)
290 creatures vanquished.

Vanquished Creatures (others)
  A kobold (D:9)
1 creature vanquished.

Grand Total: 291 creatures vanquished

Notes
Turn   | Place    | Note
-------+----------+-------------------------------------------
     0 | D:1      | PhantomBowie the Hill Orc Fighter began the quest for the
                  | Orb.
     0 | D:1      | Reached XP level 1. HP: 19/19 MP: 1/1
   111 | D:1      | Reached skill level 3 in Axes
   111 | D:1      | Reached XP level 2. HP: 25/27 MP: 2/2
   548 | D:1      | Reached XP level 3. HP: 33/33 MP: 3/3
   931 | D:2      | Noticed Robin
   971 | D:2      | Killed Robin
   972 | D:2      | Reached XP level 4. HP: 22/40 MP: 4/4
  2095 | D:3      | Identified the +4 spear of Puzieckus {flame, Drain rCorr
                  | Int+2}
  2218 | D:3      | Reached skill level 4 in Axes
  2221 | D:3      | Found Neduh's Magic Scroll Emporium.
  2227 | D:3      | Bought a scroll of identify for 20 gold pieces
  2227 | D:3      | Bought a scroll of identify for 20 gold pieces
  2289 | D:3      | Identified the +8 whip of Vajalefabo {antimagic, rC+ Int+3
                  | Stlth+}
  2479 | D:3      | Reached XP level 5. HP: 47/47 MP: 5/5
  3118 | D:4      | Reached skill level 5 in Fighting
  3118 | D:4      | Reached XP level 6. HP: 35/56 MP: 6/6
  3395 | D:4      | Found a roughly hewn altar of Beogh.
  3409 | D:4      | Reached skill level 5 in Axes
  3627 | D:4      | Found a glowing golden altar of the Shining One.
  3667 | D:4      | Became a worshipper of the Shining One
  3826 | D:5      | Entered Level 5 of the Dungeon
  3838 | D:5      | Found a sand-covered staircase.
  3847 | Ossuary  | Entered an ossuary
  3897 | Ossuary  | Reached skill level 5 in Armour
  3897 | Ossuary  | Reached skill level 5 in Shields
  3897 | Ossuary  | Reached XP level 7. HP: 60/61 MP: 7/7
  3903 | Ossuary  | Reached * piety under the Shining One
  4074 | Ossuary  | Reached ** piety under the Shining One
  4199 | Ossuary  | Reached *** piety under the Shining One
  4200 | Ossuary  | Reached skill level 6 in Axes
  4295 | D:5      | Reached XP level 8. HP: 71/71 MP: 8/8
  4324 | D:5      | Found a staircase to the Ecumenical Temple.
  4388 | D:5      | Found Celiykkely's Weapon Emporium.
  4702 | D:5      | Reached skill level 7 in Axes
  4849 | D:5      | Found a shadowy altar of Dithmenos.
  4944 | D:5      | Found Migiyfa's Assorted Antiques.
  5115 | D:5      | Found Dujaecri's General Store.
  5123 | D:5      | Bought a potion of heal wounds for 60 gold pieces
  5123 | D:5      | Bought a potion of curing for 36 gold pieces
  5123 | D:5      | Bought a scroll of identify for 24 gold pieces
  5364 | D:5      | Found a blossoming altar of Fedhas.
  5364 | D:5      | Found a hide-covered altar of Uskayaw.
  5433 | D:5      | Found Ebbadwiro's Weapon Emporium.
  5588 | D:6      | Found a stormy altar of Qazlal.
  5735 | D:6      | Found a runed translucent door.
  5738 | D:6      | Found a shimmering altar of Xom.
  5738 | D:6      | Noticed sigtrap's ghost (novice SpHu)
  5739 | D:6      | Noticed a +1 dagger of chaos
  5794 | D:6      | Reached skill level 1 in Evocations
  6024 | D:6      | Found a bloodstained altar of Trog.
  6094 | D:6      | Reached XP level 9. HP: 79/79 MP: 9/9
  6111 | D:6      | Found an ornate altar of the Wu Jian Council.
  6462 | D:7      | Reached skill level 8 in Axes
  7097 | D:7      | Found a sparkling altar of Nemelex Xobeh.
  7801 | D:8      | Noticed a queen bee
  7801 | D:8      | a yak changed into a queen bee
  7806 | D:8      | Killed a queen bee
  8152 | D:8      | Found Zabam's Armour Shoppe.
  8537 | D:9      | Reached skill level 9 in Axes
  8549 | D:9      | Reached XP level 10. HP: 68/90 MP: 10/10
  8677 | D:9      | Found a runed translucent door.
  8677 | D:9      | Noticed a tengu warrior
  8694 | D:9      | Killed a tengu warrior
  8695 | D:9      | Noticed a necromancer
  9002 | D:9      | Reached **** piety under the Shining One
  9580 | D:9      | Found an ancient bone altar of Kikubaaqudgha.
  9622 | D:9      | Reached skill level 5 in Evocations
  9754 | D:9      | Noticed a water nymph
  9754 | D:9      | Noticed a boulder beetle
  9773 | D:10     | Entered Level 10 of the Dungeon
  9819 | D:10     | Reached skill level 10 in Axes
 10195 | D:10     | Noticed an unseen horror
 10209 | D:10     | Killed an unseen horror
 10210 | D:10     | Reached XP level 11. HP: 94/99 MP: 11/11
 10304 | D:10     | Reached skill level 10 in Fighting
 10741 | D:11     | Noticed an eight-headed hydra
 10786 | D:11     | Killed a nine-headed hydra
 10798 | D:11     | Found a staircase to the Lair.
 10846 | D:11     | Reached ***** piety under the Shining One
 10896 | D:11     | Noticed a cyclops
 10913 | D:11     | Killed a cyclops
 11127 | D:11     | Found a staircase to the Orcish Mines.
 11211 | D:11     | Reached skill level 11 in Axes
 11214 | D:11     | Reached skill level 1 in Throwing
 11434 | D:11     | Noticed a skeletal warrior
 11437 | D:11     | Noticed a skeletal warrior
 11437 | D:11     | Noticed a skeletal warrior
 11609 | D:11     | Killed a skeletal warrior
 11611 | D:11     | Noticed a skeletal warrior
 11731 | D:10     | Killed a skeletal warrior
 11865 | D:10     | Killed a skeletal warrior
 11866 | D:10     | Reached skill level 10 in Armour
 11866 | D:10     | Reached skill level 10 in Shields
 11932 | D:11     | HP: 2/93 [skeletal warrior/+2 battleaxe of draining (27)]
 11933 | D:11     | Slain by a skeletal warrior

Illustrated notes

Levels and vault maps discovered:
D:1:      psy_arrival_whirlpool, layout_loops_ring
D:2:      layout_basic, uniq_robin
D:3:      kb_forest_paths, layout_loops_corners, serial_shops, shop_fountains
D:4:      layout_rooms, tso_metal_star, kennysheep_orc_chapel
D:5:      layout_basic, kennysheep_mini, gammafunk_temple_overflow_wave,
          temple_pool_b, chequers_ossuary_entry_cave, serial_shops, shop,
          shop_fountains, nicolae_shop_stone, nicolae_shop_trees,
          kennysheep_generic_room_10
D:6:      layout_rooms, lemuel_doored_altar, nzn_wu_jian_contemplation,
          nicolae_qazlal_eye_of_the_storm, ebering_ghost_xom
D:7:      layout_basic, mainiacjoe_overflow_alcove_1, serial_glass,
          glass_columns_c, glass_columns_b, amcnicky_mini_rare_corridor_liquid
D:8:      layout_loops_ring, serial_shops, nicolae_stop_n_shop_2,
          wad_floor_pattern_2
D:9:      layout_roguey, marbit_many_paths, minivault_13
D:10:     layout_long_grid
D:11:     layout_stronghold, lair_entry_dummy, hiddenorc2_lemuel

Skill      XL: |  1  2  3  4  5  6  7  8  9 10 11 |
---------------+----------------------------------+-----
Axes           | 3 4 5 6 7 9 10 11 | 11.4
Fighting       | 4 5 6 7 8 9 10 | 10.9
Shields        | 4 5 6 8 9 10 | 10.0
Armour         | 4 5 6 7 9 10 | 10.0
Evocations     | 1 3 5 6 |  6.0
Throwing       | 2 |  2.2

Action                   |  1- 3 |  4- 6 |  7- 9 | 10-12 || total
-------------------------+-------+-------+-------+-------++-------
Melee: War axe           |   103 |   180 |   340 |    13 ||   636
       Broad axe         |       |       |       |   310 ||   310
Throw: Dart              |       |       |       |     1 ||     1
Evoke: Wand              |       |       |       |    20 ||    20
       Phial of floods   |       |       |       |     1 ||     1
  Use: Scroll            |       |    12 |     8 |     1 ||    21
       Potion            |       |       |       |     1 ||     1
Armor: Chain mail        |    86 |   128 |   184 |   221 ||   619
Dodge: Dodged            |    45 |    59 |   133 |   147 ||   384
Block: Buckler           |    17 |    40 |    77 |    94 ||   228
